 Dungeon Crawl Stone Soup version 0.30.0-29-ga12c61a403 (webtiles) character file.

Game seed: 6713061539536482779

16 DildoBatman the Conjurer (level 2, -1/20 HPs)
             Began as a Formicid Conjurer on June 11, 2023.
             Slain by a quokka (5 damage)
             ... on level 1 of the Dungeon.
             The game lasted 00:01:58 (293 turns).

DildoBatman the Conjurer (Formicid Conjurer)         Turns: 293, Time: 00:01:59

Health: -1/20      AC:  2    Str: 11    XL:     2   Next: 70%
Magic:  1/5        EV: 12    Int: 17    God:
Gold:   18         SH:  0    Dex: 12    Spells: 2/5 levels left

rFire   . . .        b - +0 falchion
rCold   . . .        (no shield)
rNeg    . . .        e - +0 robe
rPois   .            (helmet unavailable)
rElec   .            (no cloak)
rCorr   .            (no gloves)
SInv    +            (no boots)
Will    .....        (no amulet)
Stlth   ++           (no ring)
HPRegen 0.23/turn    (no ring)
MPRegen 0.09/turn

%: no passive effects
@: no status effects
A: permanent stasis, dig shafts and tunnels, antennae 3, four strong arms
a: Dig, Shaft Self


You were on level 1 of the Dungeon.
You visited 1 branch of the dungeon, and saw 1 of its levels.

You collected 18 gold pieces.

Inventory:

Hand Weapons
 a - a +0 sling
 b - a +0 falchion (weapon)
Armour
 e - a +0 robe (worn)
Potions
 c - a potion of magic
 d - 2 potions of attraction {unknown}


   Skills:
 * Level 0.6 Fighting
 * Level 0.6 Armour
 * Level 2.0 Dodging
 * Level 2.7 Stealth
 * Level 2.3 Spellcasting
 * Level 3.7 Conjurations


You had 2 spell levels left.
You knew the following spells:

 Your Spells              Type           Power      Damage    Failure   Level
a - Searing Ray           Conj           28%        2d5       6%          2
c - Magic Dart            Conj           56%        1d5       4%          1

Your spell library contained the following spells:

 Spells                   Type           Power      Damage    Failure   Level
 Dazzling Flash           Conj/Hex       16%        N/A       26%         3
 Fulminant Prism          Conj/Hex       4%         3d5       65%         4
 Iskenderun's Mystic Bla  Conj/Tloc      8%         2d4       65%         4


Dungeon Overview and Level Annotations

Branches:
Dungeon (1/15)

Altars:

Shops:
D:1 ?


Innate Abilities, Weirdness & Mutations

You cannot be hasted, slowed, berserked, paralysed or teleported.
You can dig through walls and to a lower floor.
You have a pair of large antennae on your head. (SInv)
Your four strong arms can wield two-handed weapons with a shield.


Message History

The quokka bites you.
You shoot a sling bullet.
The sling bullet hits the quokka but does no damage.
The quokka is heavily wounded.
The quokka bites you.
You shoot a sling bullet.
The sling bullet completely misses the quokka.
The quokka barely misses you. The quokka misses you.
Casting: Magic Dart (safe; 4% risk of failure)
Confirm with . or Enter, or press ? or * to list all spells.
Aiming: Magic Dart (safe; 4% risk of failure)
Press: ? - help, Shift-Dir - straight line, f/p - quokka
Aim: a quokka (heavily wounded, 100% to hit)
The magic dart hits the quokka.
The quokka is almost dead.
The quokka bites you.
You shoot a sling bullet.
The sling bullet barely misses the quokka.
The quokka bites you. x2
You shoot a sling bullet.
The sling bullet barely misses the quokka.
The quokka misses you. The quokka closely misses you.
b - a +0 falchion (weapon)
You hit the quokka but do no damage.
The quokka is almost dead.
The quokka closely misses you. The quokka bites you.
You closely miss the quokka.
The quokka is almost dead.
The quokka barely misses you.
You hit the quokka but do no damage.
The quokka is almost dead.
The quokka bites you. The quokka closely misses you.
You barely miss the quokka.
The quokka is almost dead.
The quokka bites you.
You die...

#..................
#..................
#......##........<.
#......##.........>
#...†..)...........
#..................
#.........##.......
#.####.........##.......
......r@..............##
#.........#.#.........##
#.........#.#...........
..........#.######.###..
............# #.# ###
..P~.P....### #
..P...####. #..### .P
#.##### #......


You could see a quokka.

Vanquished Creatures
  A ball python (D:1)
  2 endoplasms (D:1)
  A goblin (D:1)
  4 jackals (D:1)
  2 quokkas (D:1)
  2 bats (D:1)
  A kobold (D:1)
13 creatures vanquished.

Notes
Turn   | Place    | Note
-------+----------+-------------------------------------------
     0 | D:1      | DildoBatman the Formicid Conjurer began the quest for the
                  | Orb.
     0 | D:1      | Reached XP level 1. HP: 13/13 MP: 3/3
   131 | D:1      | Reached XP level 2. HP: 12/20 MP: 0/5
   134 | D:1      | Learned a level 2 spell: Searing Ray
   233 | D:1      | Found Likublow's Magic Scroll Shop.
   293 | D:1      | Slain by a quokka

Illustrated notes

Levels and vault maps discovered:
D:1:      dpeg_arrival_stonehenge_8_columns, layout_basic,
          shapermc_ecumenical_altar_mp_ritualfount, serial_shops,
          nicolae_shop_tiny_glass

Skill      XL: |  1  2 |
---------------+-------+-----
Dodging        | 2 |  2.0
Fighting       | |  0.6
Armour         | |  0.6
Stealth        | |  2.7
Spellcasting   | |  2.3
Conjurations   | |  3.7

Action                     || total
---------------------------++-------
  Melee: Falchion          ||    17
   Fire: Sling             ||    14
   Cast: Magic Dart        ||    21
  Dodge: Dodged            ||    30
